TOP OF THE 1ST |
Clemson Tigers batting - Pitching for Stanford Cardinal : LHP David Walker
|
Pitching: LHP David Walker
|
|
Batting: LHB Aaron Thompson
|
0-0: Ground out 6-3 (Groundball, 6)
|
Batting: SHB Jesse Brown
|
0-0: Ball 1-0: Called Strike 1-1: Fly out, F9 (Flyball, 9)
|
Batting: LHB Frank Vázquez
|
0-0: Ball 1-0: Ball 2-0: Ball 3-0: Called Strike 3-1: Called Strike 3-2: Base on Balls
|
Batting: RHB Tom Harris
|
0-0: Swinging Strike 0-1: Swinging Strike 0-2: SINGLE (Groundball, 6MD) Frank Vázquez to second Runner from 2nd tries for 3rd, SAFE, throw made to third
|
Batting: LHB Peter Puckett
|
0-0: Ball 1-0: Ball 2-0: Ball 3-0: Called Strike 3-1: Called Strike 3-2: Foul Ball, location: 2F 3-2: Strikes out swinging
|
Top of the 1st over - 0 run(s), 1 hit(s), 0 error(s), 2 left on base; Clemson 0 - Stanford 0 |
BOTTOM OF THE 1ST |
Stanford Cardinal batting - Pitching for Clemson Tigers : RHP Eric MacCormck
|
Pitching: RHP Eric MacCormck
|
|
Batting: RHB Rory Howard
|
0-0: Ball 1-0: Ball 2-0: Single, Error in OF, E7, batter to second base
|
Batting: LHB Geoffrey Bird
|
0-0: Called Strike 0-1: Ball 1-1: Ball 2-1: Called Strike 2-2: Foul Ball, location: 2F 2-2: Foul Ball, location: 2F 2-2: Ball 3-2: Ground out 6-3 (Groundball, 6)
|
Batting: RHB Fernando Vargas
|
0-0: Ball 1-0: Called Strike Rory Howard steals 3rd base 1-1: Called Strike 1-2: Ball 2-2: Strikes out looking
|
Batting: RHB Rick McDonald
|
0-0: Called Strike 0-1: SINGLE (Line Drive, 9S) Rory Howard scores
|
Batting: RHB Scott McGuire
|
0-0: Ball 1-0: Ball Wild Pitch! Rick McDonald to second 2-0: Called Strike 2-1: Ball 3-1: Base on Balls
|
Batting: RHB Jimmie Powell
|
0-0: DOUBLE (Groundball, 3L) Rick McDonald scores Scott McGuire to third Runner from 3rd tries for Home, throw and OUT!
|
Bottom of the 1st over - 2 run(s), 3 hit(s), 1 error(s), 1 left on base; Clemson 0 - Stanford 2 |
TOP OF THE 2ND |
Clemson Tigers batting - Pitching for Stanford Cardinal : LHP David Walker
|
Batting: RHB Henry Gregory
|
0-0: Called Strike 0-1: Foul Ball, location: 2F 0-2: Ball 1-2: Ball 2-2: Foul Ball, location: 2F 2-2: Foul Ball, location: 2F 2-2: Ball 3-2: Base on Balls
|
Batting: LHB Bob Huerta
|
0-0: SINGLE (Flyball, 8LS) Henry Gregory to second
|
Batting: LHB Wilson Turner
|
0-0: Foul Ball, location: 2F 0-1: Foul Ball, location: 2F 0-2: Fly out, F8 (Flyball, 78D)
|
Batting: RHB Wayne Scott
|
0-0: Ball 1-0: Called Strike 1-1: Foul Ball, location: 2F 1-2: Foul Ball, location: 2F 1-2: Foul Ball, location: 2F 1-2: Ball 2-2: Ball 3-2: Foul Ball, location: 2F 3-2: SINGLE (Groundball, 56D) Henry Gregory to third Bob Huerta to second
|
Batting: LHB Aaron Thompson
|
0-0: Ball 1-0: Called Strike 1-1: Ball 2-1: Ball 3-1: Called Strike 3-2: Base on Balls Henry Gregory scores Bob Huerta to third Wayne Scott to second
|
Batting: SHB Jesse Brown
|
0-0: Called Strike 0-1: Ball 1-1: Fielders Choice at 2nd, 4-6 (Groundball, 34D) Bob Huerta scores Wayne Scott to third
|
Batting: LHB Frank Vázquez
|
0-0: Foul Ball, location: 2F 0-1: Foul Ball, location: 2F 0-2: Ball 1-2: Ball 2-2: Ball 3-2: Fly out, F7 (Flyball, 78M)
|
Top of the 2nd over - 2 run(s), 2 hit(s), 0 error(s), 2 left on base; Clemson 2 - Stanford 2 |
BOTTOM OF THE 2ND |
Stanford Cardinal batting - Pitching for Clemson Tigers : RHP Eric MacCormck
|
Batting: SHB Jimmy Wilson
|
0-0: Ball 1-0: Ball 2-0: Ball 3-0: Base on Balls
|
Batting: RHB Dylan Wolf
|
0-0: Ball Wild Pitch! Jimmy Wilson to second 1-0: Single, Error in OF, E7, batter to second base Jimmy Wilson scores
|
Batting: RHB Jake Jeffries
|
0-0: Ball 1-0: Ball 2-0: Ground out 3-1 (Groundball, 34) Dylan Wolf to third
|
Batting: RHB Rory Howard
|
0-0: Ball 1-0: Ball 2-0: Ball 3-0: Foul Ball, location: 2F 3-1: Base on Balls
|
Batting: LHB Geoffrey Bird
|
0-0: Ball 1-0: Ball 2-0: Ball 3-0: Base on Balls Rory Howard to second
|
Batting: RHB Fernando Vargas
|
0-0: Ball 1-0: Called Strike Error on foul ball, E7 1-2: Foul Ball, location: 2F 1-2: Strikes out swinging
|
Batting: RHB Rick McDonald
|
0-0: SINGLE (Groundball, 6MD) Dylan Wolf scores Rory Howard to third Geoffrey Bird to second Runner from 3rd tries for Home, SAFE, no throw
|
Batting: RHB Scott McGuire
|
0-0: Called Strike 0-1: Called Strike 0-2: Strikes out swinging
|
Bottom of the 2nd over - 3 run(s), 2 hit(s), 2 error(s), 2 left on base; Clemson 2 - Stanford 5 |
TOP OF THE 3RD |
Clemson Tigers batting - Pitching for Stanford Cardinal : LHP David Walker
|
Batting: RHB Tom Harris
|
0-0: Ball 1-0: Fly out, F4 (Line Drive, 4)
|
Batting: LHB Peter Puckett
|
0-0: Called Strike 0-1: Foul Ball, location: 2F 0-2: Ball 1-2: Foul Ball, location: 2F 1-2: Ball 2-2: SINGLE (Line Drive, 56)
|
Batting: RHB Henry Gregory
|
0-0: Fly out, F8 (Flyball, 8RD)
|
Batting: LHB Bob Huerta
|
0-0: Fly out, F6 (Popup, 6M)
|
Top of the 3rd over - 0 run(s), 1 hit(s), 0 error(s), 1 left on base; Clemson 2 - Stanford 5 |
BOTTOM OF THE 3RD |
Stanford Cardinal batting - Pitching for Clemson Tigers : RHP Eric MacCormck
|
Batting: RHB Jimmie Powell
|
0-0: DOUBLE (Line Drive, 8LD)
|
Batting: SHB Jimmy Wilson
|
0-0: Ball 1-0: Ground out 4-3 (Groundball, 4) Jimmie Powell to third
|
Batting: RHB Dylan Wolf
|
0-0: Foul Ball, location: 2F 0-1: Foul Ball, location: 2F 0-2: Strikes out swinging
|
Batting: RHB Jake Jeffries
|
0-0: Ball 1-0: Swinging Strike 1-1: Ball 2-1: Ball 3-1: Swinging Strike 3-2: Base on Balls
|
Batting: RHB Rory Howard
|
0-0: Ball 1-0: Ball 2-0: Ball 3-0: Called Strike 3-1: Base on Balls Jake Jeffries to second
|
Batting: LHB Geoffrey Bird
|
0-0: Ball 1-0: Called Strike 1-1: Ball 2-1: Ball 3-1: SINGLE (Line Drive, 7LS) Jimmie Powell scores Jake Jeffries to third Rory Howard to second Runner from 3rd tries for Home, SAFE, no throw
|
Pitching: LHP Michael Hays
|
|
Batting: RHB Fernando Vargas
|
0-0: Foul Ball, location: 2F 0-1: Ball 1-1: Called Strike 1-2: 3-RUN HOME RUN (Flyball, 7LD), Distance : 317 ft
|
Batting: RHB Rick McDonald
|
0-0: Ball 1-0: Called Strike 1-1: Called Strike 1-2: Fly out, F7 (Flyball, 7)
|
Bottom of the 3rd over - 5 run(s), 3 hit(s), 0 error(s), 0 left on base; Clemson 2 - Stanford 10 |
TOP OF THE 4TH |
Clemson Tigers batting - Pitching for Stanford Cardinal : LHP David Walker
|
Batting: LHB Wilson Turner
|
0-0: Swinging Strike 0-1: Ball 1-1: Swinging Strike 1-2: Foul Ball, location: 2F 1-2: Ball 2-2: Ball 3-2: Foul Ball, location: 2F 3-2: Fly out, F3 (Line Drive, 3L)
|
Batting: RHB Wayne Scott
|
0-0: Fly out, F9 (Flyball, 9S)
|
Batting: LHB Aaron Thompson
|
0-0: Ball 1-0: Ball 2-0: Ball 3-0: Called Strike 3-1: Base on Balls
|
Pitching: RHP Michael Saunders
|
|
Batting: SHB Jesse Brown
|
0-0: Ball 1-0: Ball 2-0: Foul Ball, location: 2F 2-1: Foul Ball, location: 2F 2-2: Foul Ball, location: 2F 2-2: Strikes out swinging
|
Top of the 4th over - 0 run(s), 0 hit(s), 0 error(s), 1 left on base; Clemson 2 - Stanford 10 |
BOTTOM OF THE 4TH |
Stanford Cardinal batting - Pitching for Clemson Tigers : LHP Michael Hays
|
Batting: RHB Scott McGuire
|
0-0: Ball 1-0: Foul Ball, location: 2F 1-1: Foul Ball, location: 2F 1-2: Ball 2-2: Ball 3-2: Foul Ball, location: 2F 3-2: Base on Balls
|
Batting: RHB Jimmie Powell
|
0-0: Called Strike 0-1: Swinging Strike 0-2: Strikes out swinging
|
Batting: SHB Jimmy Wilson
|
0-0: Fly out, F9 (Flyball, 9S)
|
Batting: RHB Dylan Wolf
|
0-0: Ball 1-0: Fly out, F6 (Line Drive, 6)
|
Bottom of the 4th over - 0 run(s), 0 hit(s), 0 error(s), 1 left on base; Clemson 2 - Stanford 10 |
TOP OF THE 5TH |
Clemson Tigers batting - Pitching for Stanford Cardinal : RHP Michael Saunders
|
Batting: LHB Frank Vázquez
|
0-0: Called Strike 0-1: Ball 1-1: Ball 2-1: Called Strike 2-2: Ball 3-2: Ground out 4-3 (Groundball, 4)
|
Batting: RHB Tom Harris
|
0-0: Ball 1-0: Fly out, F9 (Flyball, 34D)
|
Batting: LHB Peter Puckett
|
0-0: Swinging Strike 0-1: Ball 1-1: Called Strike 1-2: Foul Ball, location: 2F 1-2: Foul Ball, location: 2F 1-2: Ball 2-2: Strikes out looking
|
Top of the 5th over - 0 run(s), 0 hit(s), 0 error(s), 0 left on base; Clemson 2 - Stanford 10 |
BOTTOM OF THE 5TH |
Stanford Cardinal batting - Pitching for Clemson Tigers : LHP Michael Hays
|
Batting: RHB Jake Jeffries
|
0-0: Called Strike 0-1: Fly out, F5 (Line Drive, 5)
|
Batting: RHB Rory Howard
|
0-0: Ball 1-0: Ball 2-0: Swinging Strike 2-1: Foul Ball, location: 2F 2-2: Ball 3-2: Strikes out swinging
|
Batting: LHB Geoffrey Bird
|
0-0: Called Strike 0-1: Foul Ball, location: 2F 0-2: SINGLE (Line Drive, 5)
|
Batting: RHB Fernando Vargas
|
0-0: Ball 1-0: Called Strike 1-1: Ball 2-1: Called Strike 2-2: Ball 3-2: SINGLE (Groundball, 4MD) Geoffrey Bird to second Geoffrey Bird to third
|
Batting: RHB Rick McDonald
|
0-0: Ball 1-0: Called Strike 1-1: Ball 2-1: Ball 3-1: Foul Ball, location: 2F 3-2: Base on Balls Fernando Vargas to second
|
Batting: RHB Scott McGuire
|
0-0: Fly out, F9 (Flyball, 89M)
|
Bottom of the 5th over - 0 run(s), 2 hit(s), 0 error(s), 3 left on base; Clemson 2 - Stanford 10 |
TOP OF THE 6TH |
Clemson Tigers batting - Pitching for Stanford Cardinal : RHP Michael Saunders
|
Batting: RHB Henry Gregory
|
0-0: Ball 1-0: Ball 2-0: Called Strike 2-1: Ball 3-1: Base on Balls
|
Batting: LHB Bob Huerta
|
0-0: Ball 1-0: Swinging Strike 1-1: SINGLE (Groundball, 6D) Henry Gregory to second
|
Batting: LHB Wilson Turner
|
0-0: Ball 1-0: Foul Ball, location: 2F 1-1: Ball 2-1: Ball 3-1: Base on Balls Henry Gregory to third Bob Huerta to second
|
Pitching: RHP Marc Miller
|
|
Batting: RHB Wayne Scott
|
0-0: Called Strike 0-1: Ball 1-1: Fielders Choice at 3rd, U5 (Groundball, 5L) Henry Gregory scores Wilson Turner to second
|
Batting: LHB Aaron Thompson
|
0-0: Foul Ball, location: 2F 0-1: Foul Ball, location: 2F 0-2: Ball 1-2: 3-RUN HOME RUN (Flyball, 9LD), Distance : 325 ft
|
Pitching: LHP Pedro Infante
|
|
Batting: SHB Jesse Brown
|
0-0: Called Strike 0-1: Foul Ball, location: 2F 0-2: Ball 1-2: Ground out 5-3 (Groundball, 56S)
|
Batting: LHB Frank Vázquez
|
0-0: Ball 1-0: Ball 2-0: Ball 3-0: Called Strike 3-1: Swinging Strike 3-2: Ground out 6-3 (Groundball, 6)
|
Top of the 6th over - 4 run(s), 2 hit(s), 0 error(s), 0 left on base; Clemson 6 - Stanford 10 |
BOTTOM OF THE 6TH |
Stanford Cardinal batting - Pitching for Clemson Tigers : LHP Michael Hays
|
Batting: RHB Jimmie Powell
|
0-0: SINGLE (Flyball, 8LS)
|
Batting: SHB Jimmy Wilson
|
0-0: Ball 1-0: Fly out, F4 (Line Drive, 4)
|
Batting: RHB Dylan Wolf
|
0-0: Ball 1-0: Swinging Strike 1-1: Fielders Choice at 2nd, 6-4 (Groundball, 56)
|
Pitching: RHP Tim Whitacre
|
|
Batting: RHB Jake Jeffries
|
0-0: Ball 1-0: Ball 2-0: Ball 3-0: Called Strike 3-1: Base on Balls Dylan Wolf to second
|
Batting: RHB Rory Howard
|
0-0: Ball 1-0: Foul Ball, location: 2F 1-1: Ball 2-1: Foul Ball, location: 2F 2-2: Ball 3-2: Fly out, F8 (Flyball, 8RM)
|
Bottom of the 6th over - 0 run(s), 1 hit(s), 0 error(s), 2 left on base; Clemson 6 - Stanford 10 |
TOP OF THE 7TH |
Clemson Tigers batting - Pitching for Stanford Cardinal : LHP Pedro Infante
|
Batting: RHB Tom Harris
|
0-0: SOLO HOME RUN (Flyball, 7LD), Distance : 321 ft
|
Batting: LHB Peter Puckett
|
0-0: Foul Ball, location: 2F 0-1: Ball 1-1: Swinging Strike 1-2: Ball 2-2: Ball 3-2: Foul Ball, location: 2F 3-2: Reached on error, E7 (Flyball, 7S)
|
Batting: RHB Henry Gregory
|
0-0: Ball 1-0: Foul Ball, location: 2F 1-1: SINGLE (Groundball, 56) (infield hit) Peter Puckett to second
|
Batting: LHB Bob Huerta
|
0-0: Foul Ball, location: 2F 0-1: Called Strike 0-2: Strikes out looking
|
Batting: LHB Wilson Turner
|
0-0: Ball 1-0: Ball 2-0: Foul Ball, location: 2F 2-1: Foul Ball, location: 2F 2-2: Ball 3-2: Strikes out swinging
|
Batting: RHB Wayne Scott
|
0-0: Swinging Strike 0-1: Ball 1-1: Fielders Choice at 2nd, 4-6 (Groundball, 4)
|
Top of the 7th over - 1 run(s), 2 hit(s), 1 error(s), 1 left on base; Clemson 7 - Stanford 10 |
BOTTOM OF THE 7TH |
Stanford Cardinal batting - Pitching for Clemson Tigers : RHP Tim Whitacre
|
Batting: LHB Geoffrey Bird
|
0-0: Foul Ball, location: 2F 0-1: Called Strike 0-2: SINGLE (Line Drive, 6)
|
Batting: RHB Fernando Vargas
|
0-0: Ball 1-0: Grounds into double play, 6-4-3 (Groundball, 6)
|
Batting: RHB Rick McDonald
|
0-0: Swinging Strike 0-1: Foul Ball, location: 2F 0-2: Ball 1-2: Ball 2-2: Strikes out swinging
|
Bottom of the 7th over - 0 run(s), 1 hit(s), 0 error(s), 0 left on base; Clemson 7 - Stanford 10 |
TOP OF THE 8TH |
Clemson Tigers batting - Pitching for Stanford Cardinal : LHP Pedro Infante
|
Now at SS: Millard Long
|
|
Batting: LHB Aaron Thompson
|
0-0: Called Strike 0-1: SINGLE (Line Drive, 6M)
|
Batting: SHB Jesse Brown
|
0-0: Ball 1-0: Ball 2-0: TRIPLE (Flyball, 9LM) Aaron Thompson scores
|
Pitching: RHP Stan Franco
|
|
Batting: LHB Frank Vázquez
|
0-0: Ball 1-0: Ball 2-0: Foul Ball, location: 2F 2-1: Swinging Strike 2-2: Ball 3-2: 2-RUN HOME RUN (Flyball, 8LXD), Distance : 385 ft
|
Batting: RHB Tom Harris
|
0-0: Ground out 4-3 (Groundball, 34D)
|
Batting: LHB Peter Puckett
|
0-0: Ball 1-0: Ball 2-0: Ball 3-0: Called Strike 3-1: Foul Ball, location: 2F 3-2: Base on Balls
|
Batting: RHB Henry Gregory
|
0-0: Called Strike 0-1: Swinging Strike 0-2: Ball 1-2: Ball 2-2: Ball 3-2: Foul Ball, location: 2F 3-2: Strikes out looking
|
Batting: LHB Bob Huerta
|
0-0: Ball 1-0: Ball 2-0: Reached on error, E7 (Line Drive, 7) Peter Puckett to third
|
Batting: LHB Wilson Turner
|
0-0: Ball 1-0: Ball 2-0: Called Strike 2-1: Ball 3-1: Base on Balls
|
Batting: RHB Wayne Scott
|
0-0: Ball 1-0: Foul Ball, location: 2F 1-1: Ball 2-1: Ball 3-1: Called Strike 3-2: Foul Ball, location: 2F 3-2: Ground out 4-3 (Groundball, 4S)
|
Top of the 8th over - 3 run(s), 3 hit(s), 1 error(s), 3 left on base; Clemson 10 - Stanford 10 |
BOTTOM OF THE 8TH |
Stanford Cardinal batting - Pitching for Clemson Tigers : RHP Tim Whitacre
|
Batting: RHB Scott McGuire
|
0-0: Called Strike 0-1: Foul Ball, location: 2F 0-2: Ball 1-2: Foul Ball, location: 2F 1-2: Ball 2-2: Foul Ball, location: 2F 2-2: Foul Ball, location: 2F 2-2: Ball 3-2: Base on Balls
|
Batting: RHB Jimmie Powell
|
0-0: Bunted foul 0-1: Ball 1-1: Bunt - Flyout! F3
|
Batting: SHB Jimmy Wilson
|
0-0: Foul Ball, location: 2F 0-1: Fly out, F8 (Flyball, 8LM)
|
Batting: RHB Dylan Wolf
|
0-0: Ball 1-0: Hit by Pitch Scott McGuire to second
|
Batting: RHB Jake Jeffries
|
0-0: Called Strike 0-1: Ball 1-1: Ball 2-1: Foul Ball, location: 2F 2-2: Ball 3-2: Base on Balls Scott McGuire to third Dylan Wolf to second
|
Batting: RHB Rory Howard
|
0-0: Called Strike 0-1: Fly out, F7 (Flyball, 7)
|
Bottom of the 8th over - 0 run(s), 0 hit(s), 0 error(s), 3 left on base; Clemson 10 - Stanford 10 |
TOP OF THE 9TH |
Clemson Tigers batting - Pitching for Stanford Cardinal : RHP Stan Franco
|
Pitching: RHP Chris Miles
|
|
Batting: LHB Aaron Thompson
|
0-0: Foul Ball, location: 2F 0-1: SINGLE (Flyball, 7S)
|
Batting: SHB Jesse Brown
|
0-0: Ball 1-0: Ball 2-0: Sac Bunt - play at first, batter OUT! 1-4 Aaron Thompson to second
|
Batting: LHB Frank Vázquez
|
0-0: Intentional Walk
|
Batting: RHB Tom Harris
|
0-0: Called Strike Aaron Thompson steals 3rd base Frank Vázquez to second 0-1: Ball 1-1: Swinging Strike 1-2: Hit by Pitch
|
Batting: LHB Peter Puckett
|
0-0: Ball 1-0: Ball 2-0: Ball 3-0: Called Strike 3-1: Base on Balls Aaron Thompson scores Frank Vázquez to third Tom Harris to second
|
Batting: RHB Henry Gregory
|
0-0: Ball 1-0: Ball 2-0: Called Strike 2-1: Called Strike 2-2: Strikes out swinging
|
Batting: LHB Bob Huerta
|
0-0: Swinging Strike 0-1: Fielders Choice at 2nd, 4-6 (Groundball, 4)
|
Top of the 9th over - 1 run(s), 1 hit(s), 0 error(s), 2 left on base; Clemson 11 - Stanford 10 |
BOTTOM OF THE 9TH |
Stanford Cardinal batting - Pitching for Clemson Tigers : RHP Tim Whitacre
|
Pitching: RHP José Sánchez
|
|
Now at C: Gilbert Chapman
|
|
Batting: LHB Geoffrey Bird
|
0-0: Ball 1-0: Called Strike 1-1: TRIPLE (Flyball, 78XD)
|
Batting: RHB Fernando Vargas
|
0-0: Ball 1-0: Ball 2-0: Ball 3-0: Base on Balls
|
Batting: RHB Millard Long
|
0-0: Called Strike 0-1: Ball 1-1: Called Strike 1-2: Ball 2-2: Strikes out looking
|
Batting: RHB Scott McGuire
|
0-0: Fly out, F9 (Flyball, 89M) Runner from 3rd tags up, SCORES, throw made
|
Batting: RHB Jimmie Powell
|
0-0: Ball 1-0: Called Strike 1-1: Called Strike 1-2: Strikes out swinging
|
Bottom of the 9th over - 1 run(s), 1 hit(s), 0 error(s), 1 left on base; Clemson 11 - Stanford 11 |
TOP OF THE 10TH |
Clemson Tigers batting - Pitching for Stanford Cardinal : RHP Chris Miles
|
Batting: LHB Wilson Turner
|
0-0: Ball 1-0: Foul Ball, location: 2F 1-1: Swinging Strike 1-2: Ball 2-2: Strikes out swinging
|
Batting: RHB Wayne Scott
|
0-0: Foul Ball, location: 2F 0-1: Ball 1-1: Ball 2-1: Ball 3-1: Base on Balls
|
Batting: LHB Aaron Thompson
|
0-0: Ball 1-0: Ball 2-0: Foul Ball, location: 2F 2-1: Reached on error, E1 (Groundball, 13S) Wayne Scott to second
|
Batting: SHB Jesse Brown
|
0-0: Foul Ball, location: 2F 0-1: Called Strike Wayne Scott steals 3rd base Aaron Thompson to second 0-2: Ground out 6-3 (Groundball, 6)
|
Batting: LHB Frank Vázquez
|
0-0: Foul Ball, location: 2F 0-1: Foul Ball, location: 2F 0-2: Ball 1-2: Ball 2-2: Foul Ball, location: 2F 2-2: Ball 3-2: SINGLE (Flyball, 7LS) Wayne Scott scores Aaron Thompson to third Aaron Thompson scores
|
Pitching: RHP Ramón Rivera
|
|
Batting: RHB Tom Harris
|
0-0: Foul Ball, location: 2F 0-1: Foul Ball, location: 2F 0-2: Foul Ball, location: 2F 0-2: Foul Ball, location: 2F 0-2: Ball 1-2: Ball 2-2: Strikes out swinging
|
Top of the 10th over - 2 run(s), 1 hit(s), 1 error(s), 1 left on base; Clemson 13 - Stanford 11 |
BOTTOM OF THE 10TH |
Stanford Cardinal batting - Pitching for Clemson Tigers : RHP José Sánchez
|
Batting: SHB Jimmy Wilson
|
0-0: Ball 1-0: SINGLE (Line Drive, 78S)
|
Batting: RHB Dylan Wolf
|
0-0: Ball 1-0: Ball 2-0: Ball 3-0: Base on Balls Jimmy Wilson to second
|
Pinch Hitting: RHB Bill Reed
|
0-0: Called Strike 0-1: Bunted foul 0-2: Foul Ball, location: 2F 0-2: Ground out 6-3 (Groundball, 6S) Jimmy Wilson to third Dylan Wolf to second
|
Batting: RHB Rory Howard
|
0-0: Swinging Strike 0-1: Ball 1-1: Ball 2-1: Fly out, F9 (Flyball, 9S)
|
Batting: LHB Geoffrey Bird
|
0-0: Ball 1-0: Ball 2-0: Ball 3-0: Base on Balls
|
Batting: RHB Fernando Vargas
|
0-0: Ball 1-0: Ball 2-0: Foul Ball, location: 2F 2-1: Foul Ball, location: 2F 2-2: Foul Ball, location: 2F 2-2: Foul Ball, location: 2F 2-2: SINGLE (Line Drive, 56) Jimmy Wilson scores Dylan Wolf to third Geoffrey Bird to second Runner from 3rd tries for Home, SAFE, no throw
|
Pitching: RHP Jaime Molaya
|
|
Batting: RHB Millard Long
|
0-0: Ball 1-0: Foul Ball, location: 2F 1-1: Fly out, F9 (Flyball, 9LM)
|
Bottom of the 10th over - 2 run(s), 2 hit(s), 0 error(s), 2 left on base; Clemson 13 - Stanford 13 |
TOP OF THE 11TH |
Clemson Tigers batting - Pitching for Stanford Cardinal : RHP Ramón Rivera
|
Now at C: Bill Reed
|
|
Batting: RHB Gilbert Chapman
|
0-0: Called Strike 0-1: Foul Ball, location: 2F 0-2: Foul Ball, location: 2F 0-2: Ball 1-2: Foul Ball, location: 2F 1-2: Strikes out swinging
|
Batting: RHB Henry Gregory
|
0-0: Called Strike 0-1: Ball 1-1: Called Strike 1-2: SINGLE (Groundball, 4MD)
|
Batting: LHB Bob Huerta
|
0-0: Ball 1-0: Ball 2-0: Called Strike 2-1: Single, Error in OF, E7, batter to second base Henry Gregory to third
|
Batting: LHB Wilson Turner
|
0-0: Intentional Walk
|
Batting: RHB Wayne Scott
|
0-0: Called Strike 0-1: Foul Ball, location: 2F 0-2: Ball 1-2: Foul Ball, location: 2F 1-2: Foul Ball, location: 2F 1-2: Ball 2-2: Strikes out swinging
|
Batting: LHB Aaron Thompson
|
0-0: Called Strike 0-1: Ball 1-1: Ball 2-1: Foul Ball, location: 2F 2-2: Ground out 5-3 (Groundball, 25)
|
Top of the 11th over - 0 run(s), 2 hit(s), 1 error(s), 3 left on base; Clemson 13 - Stanford 13 |
BOTTOM OF THE 11TH |
Stanford Cardinal batting - Pitching for Clemson Tigers : RHP Jaime Molaya
|
Batting: RHB Scott McGuire
|
0-0: Ball 1-0: Called Strike 1-1: Called Strike 1-2: Foul Ball, location: 2F 1-2: Foul Ball, location: 2F 1-2: Fly out, F9 (Line Drive, 9)
|
Batting: RHB Jimmie Powell
|
0-0: Ball 1-0: SINGLE (Groundball, 23) (infield hit)
|
Batting: SHB Jimmy Wilson
|
0-0: Swinging Strike 0-1: Ball 1-1: Swinging Strike 1-2: Ball 2-2: Ball 3-2: Foul Ball, location: 2F 3-2: Strikes out swinging
|
Batting: RHB Dylan Wolf
|
0-0: Ball 1-0: Ball 2-0: Fly out, F8 (Flyball, 8LM)
|
Bottom of the 11th over - 0 run(s), 1 hit(s), 0 error(s), 1 left on base; Clemson 13 - Stanford 13 |
BOTTOM OF THE 12TH |
Stanford Cardinal batting - Pitching for Clemson Tigers : RHP Jaime Molaya
|
Batting: RHB Bill Reed
|
0-0: Called Strike 0-1: Called Strike 0-2: Ball 1-2: Strikes out swinging
|
Batting: RHB Rory Howard
|
0-0: Ball 1-0: Foul Ball, location: 2F 1-1: Ball 2-1: Ball 3-1: Base on Balls
|
Batting: LHB Geoffrey Bird
|
0-0: Ball 1-0: Ball 2-0: Foul Ball, location: 2F 2-1: Foul Ball, location: 2F 2-2: Strikes out swinging
|
Batting: RHB Fernando Vargas
|
0-0: Ball Pickoff Throw to First - Out!
|
Bottom of the 12th over - 0 run(s), 0 hit(s), 0 error(s), 0 left on base; Clemson 14 - Stanford 13 |
|